 Dungeon Crawl Stone Soup version 0.21-a0-591-g2314aa1 (webtiles) character file.

13 tidbits the Scratcher (level 2, 6/12 HPs)
             Began as a Felid Transmuter on Dec 22, 2017.
             Quit the game on level 3 of the Dungeon.
             The game lasted 00:02:54 (326 turns).

tidbits the Scratcher (Felid Transmuter)             Turns: 326, Time: 00:02:55

Health: 6/12       AC:  1    Str:  6    XL:     2   Next: 24%
Magic:  5/6        EV: 18    Int: 14    God:
Gold:   34         SH:  0    Dex: 16    Spells: 2/5 levels left
                                        Lives:  0   Deaths: 0

rFire    . . .     SeeInvis +     - Unarmed
rCold    + . .     Gourm    .   (shield unavailable)
rNeg     . . .     Faith    .   (armour unavailable)
rPois    .         Spirit   .   (helmet unavailable)
rElec    .         Reflect  .   (cloak unavailable)
rCorr    .         Harm     .   (gloves unavailable)
MR       .....                  (boots unavailable)
Stlth    +++.......             (no amulet)
HPRegen  0.04/turn              e - ring of protection from cold
MPRegen  0.10/turn              (no ring)

@: lethally poisoned (6 -> -3), appendage, quick
A: very small, no armour, no weapons or thrown items, stealth, claws 1, fangs 3,
horns 2, see invisible, carnivore, speed 1, shaggy fur 1, slow metabolism 1,
sharp paws
a: End Transformation


You were on level 3 of the Dungeon.
You were not hungry.
You had grown temporary horns.
You visited 1 branch of the dungeon, and saw 3 of its levels.

You collected 34 gold pieces.

Inventory:

Missiles
 a - 12 arrows
Jewellery
 e - a ring of protection from cold (left paw)
   (You found it on level 1 of the Dungeon)
Scrolls
 d - a scroll of magic mapping {unknown}
 f - a scroll of enchant weapon {unknown}
 g - a scroll of identify {unknown}
Books
 b - a book of Changes

   Spells                             Type                      Level
   a - Beastly Appendage              Transmutation                1
   b - Sticks to Snakes               Transmutation                2
   c - Spider Form                    Transmutation/Poison         3
   d - Ice Form                       Ice/Transmutation            4
   e - Blade Hands                    Transmutation                5
Comestibles
 c - 5 rations


   Skills:
 - Level 1.0 Fighting
 - Level 2.6 Dodging
 + Level 3.0 Stealth
 - Level 3.0 Unarmed Combat
 - Level 2.0 Spellcasting
 - Level 2.1 Transmutations


You had 2 spell levels left.
You knew the following spells:

 Your Spells              Type           Power        Failure   Level  Hunger
e - Beastly Appendage     Tmut           #.....       10%         1    ##.....
k - Sticks to Snakes      Tmut           #.......     14%         2    ###....


Dungeon Overview and Level Annotations

Branches:
Dungeon (3/15)

Altars:
Xom


Innate Abilities, Weirdness & Mutations

You cannot wear armour.
You are incapable of wielding weapons or throwing items.
Your paws allow you to move quietly. (Stealth)
You have sharp claws.
You have razor-sharp teeth.
You have supernaturally acute eyesight. (SInv)
You are carnivorous and can eat meat at any time.
You cover ground quickly.
You are covered in fur. (AC +1)
You have a slow metabolism.
Your sharp claws are effective at attacking unaware monsters.
You have a pair of horns on your head.


Message History

A dart slug comes into view.
There is an open door here.
Casting: Beastly Appendage
Confirm with . or Enter, or press ? or * to list all spells.
You miscast Beastly Appendage.
You are very lightly contaminated with residual magic.
Nothing appears to happen.
Casting: Beastly Appendage
Confirm with . or Enter, or press ? or * to list all spells.
You grow a pair of large bovine horns.
There is an open door here.
The dart slug barely misses you.
You scratch the dart slug but do no damage.
The dart slug bites you.
* * * LOW HITPOINT WARNING * * *
You scratch the dart slug.
The dart slug is lightly wounded.
Your transformation is almost over.
You scratch the dart slug. Your headbutt misses the dart slug.
The dart slug is heavily wounded.
The dart slug misses you.
You scratch the dart slug.
You kill the dart slug!
There is an open door here.
There is an open door here.
Your horns disappear.
Casting: Beastly Appendage
Confirm with . or Enter, or press ? or * to list all spells.
You grow a pair of large bovine horns.
There is a stone staircase leading down here.
You climb downwards.
Your magical contamination has completely faded away.
Found 5 gold pieces.
Found a stone staircase leading down.
There is a stone staircase leading up here.
Your transformation is almost over.
You now have 18 gold pieces (gained 5).
Found a stone staircase leading up.
Autopickup is now off.
Your horns disappear.
Found a scroll labeled FAORALOYRU.
There is a stone staircase leading up here.
You climb upwards.
A frilled lizard and a rat come into view.
The frilled lizard hisses angrily.
Found a mace.
There is a stone staircase leading down here.
Casting: Beastly Appendage
Confirm with . or Enter, or press ? or * to list all spells.
You grow a pair of large bovine horns.
You barely miss the frilled lizard. The frilled lizard barely misses you.
You miss the frilled lizard. You headbutt the frilled lizard.
You kill the frilled lizard!
You closely miss the rat. You headbutt the rat.
You kill the rat!
You climb downwards.
There is a stone staircase leading up here.
Your transformation is almost over.
You see here a scroll labeled FAORALOYRU.
g - a scroll labeled FAORALOYRU
Okay, then.
Found 16 gold pieces.
Your horns disappear.
You see here 16 gold pieces.
You now have 34 gold pieces (gained 16).
A hobgoblin comes into view. It is wielding a club.
Casting: Beastly Appendage
Confirm with . or Enter, or press ? or * to list all spells.
You grow a pair of large bovine horns.
There is a stone staircase leading down here.
You climb downwards.
There is a stone staircase leading up here.
Your transformation is almost over.
You open the door.
Found a chain mail.
Found a shimmering altar of Xom.
There is an open door here.
Unknown command.
You close the door.
There is a stone staircase leading up here.
As you open the door, it creaks loudly!
A kobold comes into view.
Your horns disappear.
The kobold shouts!
The kobold wields a blowgun.
The kobold shoots a poisoned needle.
The poisoned needle hits you!
You are lethally poisoned!
You feel sick.
The kobold unwields an uncursed blowgun.
The kobold barely misses you.
There is an open door here.
Casting: Beastly Appendage
Confirm with . or Enter, or press ? or * to list all spells.
You grow a pair of large bovine horns.
* * * LOW HITPOINT WARNING * * *
You feel sick. The kobold misses you.
You aren't carrying any potions.
Unknown command.
You claw the kobold!
You kill the kobold!
Your Stealth skill increases to level 3!
Are you sure you want to abandon this character and quit the game? (Confirm with "yes".)

## .# .# ######.#
#.....###
#.....#5# #
########.....#^#^#
......)@...<.#..[#
########(....+._.+
#.....#...#
#.#####^#^# #.# 5#
# #.# ## #.# #.#
#.#


There were no monsters in sight!

Vanquished Creatures
  2 dart slugs (D:1)
  A goblin (D:1)
  A hobgoblin (D:1)
  3 kobolds
  A frilled lizard (D:1)
  A rat (D:1)
9 creatures vanquished.

Notes
Turn   | Place    | Note
-------+----------+-------------------------------------------
     0 | D:1      | tidbits the Felid Transmuter began the quest for the Orb.
     0 | D:1      | Reached XP level 1. HP: 9/9 MP: 4/4
    84 | D:1      | Reached skill level 1 in Stealth
    98 | D:1      | Reached skill level 2 in Stealth
   140 | D:1      | Reached XP level 2. HP: 3/12 MP: 4/6
   144 | D:1      | Learned a level 2 spell: Sticks to Snakes
   314 | D:3      | Found a shimmering altar of Xom.
   315 | D:3      | Noticed a crimson imp
   315 | D:3      | Noticed a crimson imp
   325 | D:3      | Reached skill level 3 in Stealth
   326 | D:3      | Quit the game

Vault maps used:
D:1:      minmay_arrival_glassed_features
D:2:      wad_woods_pond, first_ration, kennysheep_nondescript, uniq_robin,
          uniq_sigmund
D:3:      overflow_temple_1_default, led_xom_imps

Skill      XL: |  1  2 |
---------------+-------+-----
Stealth        | 2 3 |  3.0
Fighting       | |  1.0
Dodging        | |  2.6
Unarmed Combat | |  3.0
Spellcasting   | |  2.0
Transmutations | |  2.1

Action                   || total
-------------------------++-------
Melee: Unarmed           ||    22
       Headbutt          ||     5
       Bite              ||     2
 Cast: Beastly Appendage ||     9
Dodge: Dodged            ||     9

Table legend:
 A = Spawn XP
 B = Non-spawn XP
 C = Spawn XP percentage of total XP
 D = Spawn monster count
 E = Non-spawn monster count
 F = Spawn count percentage of total count
 G = Total turns spent on level
                    A         B        C        D         E        F      G
               +---------+---------+-------+---------+---------+-------+---------
         Total |       0 |      19 |   0.0 |       0 |       9 |   0.0 |   326
               +---------+---------+-------+---------+---------+-------+---------
           D:1 |       0 |      18 |   0.0 |       0 |       8 |   0.0 |   254
           D:3 |       0 |       1 |   0.0 |       0 |       1 |   0.0 |    14
               +---------+---------+-------+---------+---------+-------+---------

Table legend:
 A = Turns spent in this place as a percentage of turns spent in the entire game.
 B = Non-inter-level travel turns spent in this place as a percentage of non-inter-level travel turns spent in the entire game.
 C = Inter-level travel turns spent in this place as a percentage of turns spent in this place.
 D = Turns resting spent in this place as a percentage of non-inter-level travel turns spent in this place.
 E = Turns spent auto-exploring this place as a percentage of non-inter-level travel turns spent in this place.
 F = Non-inter-level travel turns spent in this place divided by the number of levels of this place that you've seen.
                   A       B       C       D       E      F
               +-------+-------+-------+-------+-------+----------------------
         Total | 100.0 | 100.0 |   0.0 |   0.0 |   0.0 | 108.7
       Dungeon | 100.0 | 100.0 |   0.0 |   0.0 |   0.0 | 108.7
               +-------+-------+-------+-------+-------+----------------------

Table legend:
 A = Kills in this place as a percentage of kills in entire the game.
 B = Kills by you in this place as a percentage of kills by you in the entire game.
 C = Kills by friends in this place as a percentage of kills by friends in the entire game.
 D = Other kills in this place as a percentage of other kills in the entire game.
 E = Experience gained in this place as a percentage of experience gained in the entire game.
 F = Experience gained in this place divided by the number of levels of this place that you have seen.
                   A       B       C       D       E      F
               +-------+-------+-------+-------+-------+----------------------
         Total | 100.0 | 100.0 |   N/A |   N/A | 100.0 |   6.3
       Dungeon | 100.0 | 100.0 |   N/A |   N/A | 100.0 |   6.3
               +-------+-------+-------+-------+-------+----------------------

Vault maps used:
D:1:      minmay_arrival_glassed_features
D:2:      wad_woods_pond, first_ration, kennysheep_nondescript, uniq_robin,
          uniq_sigmund
D:3:      overflow_temple_1_default, led_xom_imps
